cohdb
Replays
Latest Replays
All Replays
Popular Replays
Top Player Replays
Match Explorer
How It Works
Community
CoH3 Stats
Reddit
Sign in to upload your games and track your stats! →
Sign in with Steam
Match 41294868
Unlisted
Match 41294868
Overview
Messages
Build Orders
End
Vickers Machine Gun Team
Construct Section Command Post
Selects Heavy Armor Battlegroup
Infantry Section
ML 3-inch Mortar Team
Construct Field Infirmary
Infantry Section
Construct Platoon Command Post
6-pounder Anti-tank Gun Team
Selects Engineer Detachments
Selects Forward Repair Assembly
Unlock Bishop Self-propelled Artillery
Vickers Machine Gun Team
Construct Company Command Post
Matilda II Heavy Tank
Foot Guards Section
Unlock Towed 17-pounder Anti-tank Guns
Foot Guards Section
Infantry Training
Foot Guards Section
Foot Guards Section
BBzRare
ﮒ†яіķέЛ
precipitation
Dani
Bighazelnut
Yves Bad Mic
0
0
Comments
sign in to comment!
No comments posted yet!